AoeStats
← Random

African Clearing

505088402Analyzed
4v4 RM · 25d ago on Sep 7, 2026· 48m 12s· 8 players
Game mode
Random Map
Map size
Large (8 player)
Population
200
Speed
Normal
Resources
Standard
Victory
Conquest
Starting age
Dark Age
Ending age
Imperial Age
RankedLock teamsTeams togetherTeam positionsShared explorationLock speedFull tech treeHidden civsTurbo modeCheats
Victory
Defeat
🇨🇳 Spanish · China
1618
+11
🇺🇸 Jurchens · United States
1612
+11
🇨🇳 Cumans · China
1603
+11
🇨🇱 Berbers · Chile
1423
+18
1532
-14
🇬🇧 Berbers · United Kingdom
1531
-14
🇦🇷 Berbers · Argentina
1463
-12
🇦🇷 Huns · Argentina
1443
-11
darkwwww2015
13:11 Feudal Age
12:32 Loom
18:04 Castle Age
16:23 Double-Bit Axe
17:40 Stone Mining
18:44 Fletching
19:16 Bow Saw
19:42 Bodkin Arrow
20:58 Gold Mining
21:55 Wheelbarrow
21:07 Horse Collar
24:21 Ballistics
25:16 Padded Archer Armor
27:10 Town Watch
28:41 Leather Archer Armor
32:43 Heavy Plow
37:21 Imperial Age
39:41 Conscription
40:20 Bracer
40:14 Elite Camel Archer
42:44 Ring Archer Armor
42:34 Hand Cart
[W] ConLoQueCuestaArmarUnDrush
5:11 Loom
10:58 Feudal Age
12:45 Double-Bit Axe
17:32 Wheelbarrow
17:30 Loom
20:42 Castle Age
19:26 Bloodlines
19:09 Fletching
19:58 Gold Mining
21:43 Bow Saw
27:33 Bodkin Arrow
29:02 Padded Archer Armor
29:45 Husbandry
32:58 Thumb Ring
33:35 Leather Archer Armor
36:21 Ballistics
37:34 Hand Cart
39:50 Imperial Age
39:47 Scale Barding Armor
40:01 Forging
40:58 Chain Barding Armor
40:58 Bracer
42:22 Gold Shaft Mining
41:28 Cavalier
42:53 Plate Barding Armor
42:29 Stone Mining
42:27 Town Watch
[W] 2termos_nolunch
8:56 Loom
11:49 Feudal Age
20:15 Double-Bit Axe
24:09 Wheelbarrow
29:14 Horse Collar
34:23 Castle Age
33:04 Scale Barding Armor
34:41 Forging
35:39 Chain Barding Armor
36:15 Bow Saw
36:32 Bloodlines
37:17 Town Watch
38:23 Husbandry
38:56 Gold Mining
GdR_Johnny Vacanzieri
9:41 Loom
12:04 Feudal Age
14:18 Loom
17:05 Castle Age
15:35 Double-Bit Axe
16:44 Fletching
18:11 Bodkin Arrow
28:58 Gold Mining
29:33 Ballistics
29:58 Padded Archer Armor
33:02 Husbandry
Random
8:34 Loom
10:44 Feudal Age
14:26 Double-Bit Axe
17:06 Town Watch
19:50 Castle Age
18:17 Gold Mining
19:01 Horse Collar
19:57 Bloodlines
20:48 Scale Barding Armor
21:09 Bow Saw
23:11 Husbandry
28:51 Wheelbarrow
30:14 Chain Barding Armor
30:45 Heavy Plow
31:51 Forging
36:27 Iron Casting
46:55 Imperial Age
46:58 Elite Steppe Lancer
48:14 Plate Barding Armor
48:39 Blast Furnace
48:09 Conscription
48:34 Coinage
DD2E shaulitox
11:58 Feudal Age
11:39 Loom
15:45 Castle Age
15:15 Double-Bit Axe
16:49 Bow Saw
18:02 Fletching
18:40 Bodkin Arrow
21:21 Ballistics
22:13 Padded Archer Armor
22:10 Town Watch
23:05 Wheelbarrow
29:54 Bloodlines
30:42 Leather Archer Armor
33:43 Gold Mining
34:44 Husbandry
35:36 Horse Collar
37:42 Gold Shaft Mining
36:59 Stone Mining
38:25 Hand Cart
41:05 Town Patrol
43:43 Imperial Age
43:06 Kasbah
44:28 Bracer
45:10 Conscription
45:48 Ring Archer Armor
46:20 Chemistry
45:26 Siege Engineers
46:02 Heavy Plow
45:59 Heavy Camel Rider
48:03 Crop Rotation
48:07 Scale Barding Armor
48:12 Forging
48:30 Murder Holes
48:53 Masonry
Bz_青红
9:25 Loom
12:13 Feudal Age
12:24 Man-at-Arms
12:50 Double-Bit Axe
13:56 Horse Collar
26:48 Wheelbarrow
26:20 Fletching
29:53 Castle Age
27:48 Gold Mining
27:58 Stone Mining
29:11 Bloodlines
28:49 Town Watch
30:54 Bow Saw
30:40 Bodkin Arrow
30:48 Heavy Plow
36:35 Hand Cart
40:09 Imperial Age
38:03 Caravan
41:53 Chemistry
41:29 Bracer
43:14 Bombard Tower
43:16 Supremacy
43:22 Sappers
44:19 Padded Archer Armor
46:24 Conscription
46:21 Masonry
46:33 Ballistics
46:05 Guard Tower
Long-Long-Way
13:50 Loom
15:36 Feudal Age
16:47 Double-Bit Axe
21:18 Castle Age
20:23 Scale Barding Armor
20:31 Forging
20:26 Fishing Lines
21:26 Bloodlines
22:37 Chain Barding Armor
22:43 Bow Saw
27:33 Horse Collar
28:10 Town Watch
31:41 Wheelbarrow
35:00 Heavy Plow
35:03 Fletching
36:38 Hand Cart
37:56 Gold Mining
37:57 Stone Mining
41:30 Imperial Age
39:16 Bodkin Arrow
39:58 Iron Casting
39:44 Padded Archer Armor
41:33 Cavalier
42:49 Plate Barding Armor
43:15 Blast Furnace
43:48 Paladin
46:12 Gold Shaft Mining
45:52 Town Patrol
46:40 Crop Rotation
Connection lost

Rejoining the realm…

Still unreachable

The connection could not be restored.

Session expired

The server has moved on; the page needs a fresh start.